 Dungeon Crawl Stone Soup version 0.29-a0-542-g075992c915 (webtiles) character file.

Game seed: 9604906113238802953

961 zeratav the Shield-Bearer (level 8, -3/67 HPs)
             Began as a Gnoll Fighter on June 3, 2022.
             Engulfed by a steam dragon's steam (16 damage)
             ... on level 6 of the Dungeon.
             The game lasted 00:04:41 (6381 turns).

zeratav the Shield-Bearer (Gnoll Fighter)           Turns: 6381, Time: 00:04:41

Health: -3/67      AC: 13    Str: 20    XL:     8   Next: 15%
Magic:  0/12       EV: 10    Int:  8    God:
Gold:   341        SH:  5    Dex: 12    Spells: 13/13 levels left

rFire   . . .      SeeInvis .   a - +0 war axe {axe}
rCold   . . .      Faith    .   c - +0 buckler
rNeg    . . .      Spirit   +   b - +0 scale mail
rPois   .          Reflect  .   o - +0 helmet
rElec   .          Harm     .   (no cloak)
rCorr   +          Rampage  .   (no gloves)
Will    +....                   (no boots)
Stlth   +.........              m - amulet "Siputapn" {Spirit Will+ Str+3}
HPRegen 0.21/turn               h - ring of resist corrosion
MPRegen 0.13/turn               x - +4 ring of protection

@: no status effects
A: fangs 1, strong nose, distributed training
a: no special abilities


You were on level 6 of the Dungeon.
You visited 1 branch of the dungeon, and saw 6 of its levels.

You collected 341 gold pieces.


Innate Abilities, Weirdness & Mutations

You have very sharp teeth.
Your uncanny sense of smell can sniff out nearby items.
Your experience applies equally to all skills.


   Skills:
 + Level 7.2 Fighting
 + Level 3.0 Short Blades
 + Level 3.0 Long Blades
 + Level 5.5 Axes
 + Level 3.0 Maces & Flails
 + Level 3.0 Polearms
 + Level 3.0 Staves
 + Level 3.0 Slings
 + Level 3.0 Bows
 + Level 3.0 Crossbows
 + Level 3.0 Throwing
 + Level 7.2 Armour
 + Level 3.0 Dodging
 + Level 3.0 Stealth
 + Level 7.2 Shields
 + Level 3.0 Unarmed Combat
 + Level 3.0 Spellcasting
 + Level 2.4 Conjurations
 + Level 2.4 Hexes
 + Level 2.4 Summonings
 + Level 2.4 Necromancy
 + Level 2.4 Translocations
 + Level 2.4 Transmutations
 + Level 2.4 Fire Magic
 + Level 2.4 Ice Magic
 + Level 2.4 Air Magic
 + Level 2.4 Earth Magic
 + Level 2.4 Poison Magic
 + Level 3.3 Invocations
 + Level 3.0 Evocations


You had 13 spell levels left.
You didn't know any spells.
Your spell library contained the following spells:

 Spells                   Type           Power      Damage    Failure   Level
 Leda's Liquefaction      Hex/Erth       2%         N/A       98%         4
 Lee's Rapid Deconstruct  Erth           2%         3d6*      100%        5
 Statue Form              Tmut/Erth      3%         N/A       100%        6
 Borgnjor's Revivificati  Necr           2%         N/A       100%        8
 Necromutation            Tmut/Necr      2%         N/A       100%        8
 Death's Door             Necr           2%         N/A       100%        9

Inventory:

Hand Weapons
 a - a +0 war axe (weapon) {axe}
 C - a +2 flail of holy wrath {mace}
   (You took it off an orc on level 4 of the Dungeon)
Armour
 b - a +0 scale mail (worn)
 c - a +0 buckler (worn)
 j - a +0 leather armour
   (You found it on level 5 of the Dungeon)
 o - a +0 helmet (worn)
   (You found it on level 1 of the Dungeon)
 t - a +1 robe of willpower
   (You found it on level 3 of the Dungeon)
 z - a +0 leather armour
   (You took it off an orc on level 5 of the Dungeon)
Jewellery
 h - a ring of resist corrosion (left hand)
   (You found it on level 1 of the Dungeon)
 m - the amulet "Siputapn" (around neck) {Spirit Will+ Str+3}
   (You found it on level 5 of the Dungeon)

   [amulet of guardian spirit]

   It causes incoming damage to be divided between your reserves of health and
   magic.
   Str:       It affects your strength (+3).
   Will:      It increases your willpower.
 r - a ring of ice
   (You took it off a kobold on level 5 of the Dungeon)
 x - a +4 ring of protection (right hand)
   (You took it off a kobold on level 5 of the Dungeon)
 y - a +6 ring of dexterity
   (You found it on level 5 of the Dungeon)
 B - a +6 ring of intelligence
   (You found it on level 4 of the Dungeon)
Wands
 v - a wand of mindburst (11)
   (You found it on level 4 of the Dungeon)
Scrolls
 f - 6 scrolls of fog {unknown}
 l - 3 scrolls of identify {unknown}
 p - a scroll of blinking {unknown}
 s - a scroll of poison {unknown}
 u - 2 scrolls of fear {unknown}
 w - 2 scrolls of magic mapping {unknown}
Potions
 d - a potion of might
 e - 2 potions of flight {unknown}
 g - a potion of haste {unknown}
 i - 2 potions of heal wounds {unknown}
 k - a potion of attraction {unknown}
 n - 4 potions of curing {unknown}
 q - 2 potions of berserk rage {unknown}
 A - a potion of cancellation {unknown}

Dungeon Overview and Level Annotations

Branches:
Dungeon (6/15)
 Temple: D:4-7

Altars:
Cheibriados
Ru
Trog

Annotations:
D:3 2 transporters, Gelos's ghost, amateur TeHu

#+############
∆#........§...# .
#.....<....§.# ..
#............# ...
#.........§..# ....
##########§###.....
.......@........
......hD........
................
................
................ ∆
........$....<..
................
.######+########


You could see a steam dragon and a hound.


Message History

You are engulfed in a cloud of scalding steam.
The steam dragon barely misses you.
The steam dragon claws you but does no damage.
You barely miss the steam dragon. You block the steam dragon's attack.
The steam dragon claws you but does no damage.
HP[+1]
You barely miss the steam dragon. Your bite misses the steam dragon.
The steam dragon closely misses you.
The steam dragon claws you but does no damage.
The steam dragon breathes steam at you. The ball of steam hits you!
The ball of steam hits the steam dragon.
The steam dragon resists.
The steam dragon misses you. The steam dragon claws you.
HP[-11] MP[-1]
You take 11 damage, and now have 35/67 hp.
You lost 1 mp, and now have 7/12 mp.
You closely miss the steam dragon.
You are engulfed in a cloud of scalding steam.
The steam dragon barely misses you. x2
MP[+1]
You hit the steam dragon. Your bite misses the steam dragon.
You are engulfed in a cloud of scalding steam.
The steam dragon bites you.
The steam dragon claws you but does no damage.
HP[-1] MP[-1]
You take 1 damage, and now have 34/67 hp.
You lost 1 mp, and now have 7/12 mp.
You barely miss the steam dragon.
You are engulfed in a cloud of scalding steam.
The steam dragon breathes steam at you. The ball of steam hits you!
* * * LOW HITPOINT WARNING * * *
The steam dragon breathes steam at you. The ball of steam misses you.
HP[-10] MP[-3]
You take 10 damage, and now have 24/67 hp.
You lost 3 mp, and now have 4/12 mp.
You slash the steam dragon!
You kill the steam dragon!
You are engulfed in a cloud of scalding steam.
The steam dragon bites you but does no damage.
You block the steam dragon's attack.
Your Short Blades skill increases to level 3!
Your Long Blades skill increases to level 3!
Your Maces & Flails skill increases to level 3!
Your Polearms skill increases to level 3!
Your Staves skill increases to level 3!
Your Slings skill increases to level 3!
Your Bows skill increases to level 3!
Your Crossbows skill increases to level 3!
Your Throwing skill increases to level 3!
Your Dodging skill increases to level 3!
Your Stealth skill increases to level 3!
Your Unarmed Combat skill increases to level 3!
Your Spellcasting skill increases to level 3!
Your Evocations skill increases to level 3!
You hit the steam dragon. The steam dragon barely misses you.
The steam dragon claws you but does no damage.
You completely miss the steam dragon.
You bite the steam dragon, but do no damage.
A hound comes into view.
You block the steam dragon's attack. The steam dragon claws you.
* * * LOW HITPOINT WARNING * * *
HP[-1]
You take 1 damage, and now have 23/67 hp.
The hound barks!
You slash the steam dragon! The steam dragon bites you.
* * * LOW HITPOINT WARNING * * *
The steam dragon barely misses you.
HP[-1]
You take 1 damage, and now have 22/67 hp.
You hit the steam dragon. Your bite misses the steam dragon.
You block the steam dragon's attack.
The steam dragon claws you but does no damage.
The steam dragon breathes steam at you. The ball of steam misses you.
You hit the steam dragon but do no damage.
You are engulfed in a cloud of scalding steam.
* * * LOW HITPOINT WARNING * * *
The steam dragon closely misses you.
The steam dragon claws you but does no damage.
HP[-10] MP[-2]
You take 10 damage, and now have 12/67 hp.
You lost 2 mp, and now have 2/12 mp.
You closely miss the steam dragon. You hit the hound.
You are engulfed in a cloud of scalding steam.
The hound barely misses you. The steam dragon closely misses you.
You block the steam dragon's attack. You block the hound's attack.
HP[+1]
You block the steam dragon's attack. The steam dragon closely misses you.
The hound bites you but does no damage.
You hit the steam dragon. You barely miss the hound.
The hound barely misses you. The steam dragon barely misses you.
The steam dragon claws you but does no damage.
You block the hound's attack. The steam dragon breathes steam at you.
The ball of steam misses you.
You barely miss the steam dragon. You hit the hound but do no damage.
You are engulfed in a cloud of scalding steam.
You die...

Skill      XL: |  1  2  3  4  5  6  7  8 |
---------------+-------------------------+-----
Invocations    | 1 2 3 |  3.3
Short Blades   | 1 2 3 |  3.0
Long Blades    | 1 2 3 |  3.0
Maces & Flails | 1 2 3 |  3.0
Polearms       | 1 2 3 |  3.0
Staves         | 1 2 3 |  3.0
Slings         | 1 2 3 |  3.0
Bows           | 1 2 3 |  3.0
Crossbows      | 1 2 3 |  3.0
Throwing       | 1 2 3 |  3.0
Dodging        | 1 2 3 |  3.0
Stealth        | 1 2 3 |  3.0
Unarmed Combat | 1 2 3 |  3.0
Spellcasting   | 1 2 3 |  3.0
Evocations     | 1 2 3 |  3.0
Conjurations   | 1 2 |  2.4
Hexes          | 1 2 |  2.4
Summonings     | 1 2 |  2.4
Necromancy     | 1 2 |  2.4
Translocations | 1 2 |  2.4
Transmutations | 1 2 |  2.4
Fire Magic     | 1 2 |  2.4
Ice Magic      | 1 2 |  2.4
Air Magic      | 1 2 |  2.4
Earth Magic    | 1 2 |  2.4
Poison Magic   | 1 2 |  2.4
Axes           | 5 |  5.5
Fighting       | 7 |  7.2
Armour         | 7 |  7.2
Shields        | 7 |  7.2

Action                   |  1- 3 |  4- 6 |  7- 9 || total
-------------------------+-------+-------+-------++-------
Melee: War axe           |    77 |   161 |    93 ||   331
       Bite              |     8 |    14 |     6 ||    28
Armor: Scale mail        |    34 |    61 |    33 ||   128
Dodge: Dodged            |    32 |    64 |    57 ||   153
Block: Buckler           |    23 |    37 |    27 ||    87

Levels and vault maps discovered:
D:1:      giann_forest_graveyard, layout_basic
D:2:      layout_loops_ring, corexii_shack
D:3:      layout_loops_corners, chequers_ecumenical_altar_simple,
          gammafunk_ghost_smash, minmay_fractal_squares_diagonal_5
D:4:      layout_layer_cave, mainiacjoe_overflow_chevrons,
          mainiacjoe_overflow_two_lobes, uniq_menkaure, uniq_natasha
D:5:      layout_basic, serial_co_window_serial, co_window_cross_1,
          co_window_paths_a, co_window_corner_a, co_window_paths_b,
          co_window_of_opportunity_a, co_window_paths_b, co_window_paths_b,
          co_window_broadway_b, co_window_corner_b, co_window_2corner,
          co_window_of_opportunity_b, co_window_broadway_a,
          co_window_of_opportunity_b, glass_columns_b, glass_columns_a
D:6:      layout_gridville, uniq_blork_the_orc, uniq_pikel

Notes
Turn   | Place    | Note
-------+----------+-------------------------------------------
     0 | D:1      | zeratav the Gnoll Fighter began the quest for the Orb.
     0 | D:1      | Reached XP level 1. HP: 23/23 MP: 1/1
     0 | D:1      | magus.rc [v1.9.6]
   266 | D:1      | Reached XP level 2. HP: 29/29 MP: 2/2
  1111 | D:2      | Reached XP level 3. HP: 35/35 MP: 2/4
  1251 | D:2      | Reached skill level 1 in Invocations
  1319 | D:2      | Reached skill level 1 in Short Blades
  1319 | D:2      | Reached skill level 1 in Long Blades
  1319 | D:2      | Reached skill level 1 in Maces & Flails
  1319 | D:2      | Reached skill level 1 in Polearms
  1319 | D:2      | Reached skill level 1 in Staves
  1319 | D:2      | Reached skill level 1 in Slings
  1319 | D:2      | Reached skill level 1 in Bows
  1319 | D:2      | Reached skill level 1 in Crossbows
  1319 | D:2      | Reached skill level 1 in Throwing
  1319 | D:2      | Reached skill level 1 in Dodging
  1319 | D:2      | Reached skill level 1 in Stealth
  1319 | D:2      | Reached skill level 1 in Unarmed Combat
  1319 | D:2      | Reached skill level 1 in Spellcasting
  1319 | D:2      | Reached skill level 1 in Evocations
  1468 | D:2      | Reached XP level 4. HP: 19/41 MP: 5/5
  2202 | D:3      | Reached skill level 1 in Conjurations
  2202 | D:3      | Reached skill level 1 in Hexes
  2202 | D:3      | Reached skill level 1 in Summonings
  2202 | D:3      | Reached skill level 1 in Necromancy
  2202 | D:3      | Reached skill level 1 in Translocations
  2202 | D:3      | Reached skill level 1 in Transmutations
  2202 | D:3      | Reached skill level 1 in Fire Magic
  2202 | D:3      | Reached skill level 1 in Ice Magic
  2202 | D:3      | Reached skill level 1 in Air Magic
  2202 | D:3      | Reached skill level 1 in Earth Magic
  2202 | D:3      | Reached skill level 1 in Poison Magic
  2222 | D:3      | Reached XP level 5. HP: 15/47 MP: 6/6
  2641 | D:3      | You add the spells Borgnjor's Revivification, Necromutation
                  | and Death's Door to your library.
  2780 | D:3      | Found a transporter.
  2784 | D:3      | Found a transporter.
  2784 | D:3      | Noticed an ogre
  2785 | D:3      | Noticed an ogre
  2785 | D:3      | Noticed Gelos's ghost (amateur TeHu)
  2983 | D:3      | Found a faded altar of an unknown god.
  3356 | D:4      | Noticed Menkaure
  3362 | D:4      | Killed Menkaure
  3363 | D:4      | Reached skill level 2 in Invocations
  3363 | D:4      | Reached XP level 6. HP: 40/53 MP: 8/8
  3590 | D:4      | Reached skill level 2 in Short Blades
  3590 | D:4      | Reached skill level 2 in Long Blades
  3590 | D:4      | Reached skill level 5 in Axes
  3590 | D:4      | Reached skill level 2 in Maces & Flails
  3590 | D:4      | Reached skill level 2 in Polearms
  3590 | D:4      | Reached skill level 2 in Staves
  3590 | D:4      | Reached skill level 2 in Slings
  3590 | D:4      | Reached skill level 2 in Bows
  3590 | D:4      | Reached skill level 2 in Crossbows
  3590 | D:4      | Reached skill level 2 in Throwing
  3590 | D:4      | Reached skill level 2 in Dodging
  3590 | D:4      | Reached skill level 2 in Stealth
  3590 | D:4      | Reached skill level 2 in Unarmed Combat
  3590 | D:4      | Reached skill level 2 in Spellcasting
  3590 | D:4      | Reached skill level 2 in Evocations
  3653 | D:4      | Found a bloodstained altar of Trog.
  4042 | D:4      | Noticed Natasha
  4051 | D:4      | Killed Natasha
  4392 | D:4      | Reached XP level 7. HP: 48/59 MP: 10/10
  4539 | D:4      | Reached skill level 7 in Fighting
  4539 | D:4      | Reached skill level 7 in Armour
  4539 | D:4      | Reached skill level 7 in Shields
  4548 | D:4      | Found a sacrificial altar of Ru.
  4582 | D:4      | Found a snail-covered altar of Cheibriados.
  5011 | D:5      | Entered Level 5 of the Dungeon
  5151 | D:5      | Reached skill level 2 in Conjurations
  5151 | D:5      | Reached skill level 2 in Hexes
  5151 | D:5      | Reached skill level 2 in Summonings
  5151 | D:5      | Reached skill level 2 in Necromancy
  5151 | D:5      | Reached skill level 2 in Translocations
  5151 | D:5      | Reached skill level 2 in Transmutations
  5151 | D:5      | Reached skill level 2 in Fire Magic
  5151 | D:5      | Reached skill level 2 in Ice Magic
  5151 | D:5      | Reached skill level 2 in Air Magic
  5151 | D:5      | Reached skill level 2 in Earth Magic
  5151 | D:5      | Reached skill level 2 in Poison Magic
  5598 | D:5      | Reached skill level 3 in Invocations
  5777 | D:5      | Identified the amulet "Siputapn" {Spirit Will+ Str+3}
  5815 | D:5      | Reached XP level 8. HP: 58/67 MP: 12/12
  5894 | D:5      | You pick up a book of the Earth and begin reading...
  5894 | D:5      | You add the spells Leda's Liquefaction, Lee's Rapid
                  | Deconstruction and Statue Form to your library.
  6373 | D:6      | Reached skill level 3 in Short Blades
  6373 | D:6      | Reached skill level 3 in Long Blades
  6373 | D:6      | Reached skill level 3 in Maces & Flails
  6373 | D:6      | Reached skill level 3 in Polearms
  6373 | D:6      | Reached skill level 3 in Staves
  6373 | D:6      | Reached skill level 3 in Slings
  6373 | D:6      | Reached skill level 3 in Bows
  6373 | D:6      | Reached skill level 3 in Crossbows
  6373 | D:6      | Reached skill level 3 in Throwing
  6373 | D:6      | Reached skill level 3 in Dodging
  6373 | D:6      | Reached skill level 3 in Stealth
  6373 | D:6      | Reached skill level 3 in Unarmed Combat
  6373 | D:6      | Reached skill level 3 in Spellcasting
  6373 | D:6      | Reached skill level 3 in Evocations
  6377 | D:6      | HP: 12/67 [steam dragon] (10)]
  6381 | D:6      | Engulfed by a steam dragon's steam

Vanquished Creatures
  A steam dragon (D:6)
  Menkaure (D:4)
  An ogre (D:5)
  A phantom (D:4)
  A kobold brigand (D:5)
  3 scorpions
  4 hounds
  An iguana (D:3)
  Natasha (D:4)
  3 gnolls (D:3)
  6 adders
  A worm (D:2)
  A dart slug (D:1)
  4 orcs
  5 ball pythons
  8 endoplasms
  4 giant cockroaches
  10 goblins
  8 hobgoblins
  11 kobolds
  2 quokkas
  7 bats
  A frilled lizard (D:1)
  10 rats
95 creatures vanquished.

Vanquished Creatures (others)
  A plant (D:2)
1 creature vanquished.

Grand Total: 96 creatures vanquished

Table legend:
 A = Non-vault XP
 B = Vault XP
 C = Vault XP percentage of total XP
 D = Non-vault monster count
 E = Vault monster count
 F = Vault count percentage of total count
                 A         B        C        D         E       F
            +---------+---------+-------+---------+---------+-------
      Total |    1136 |     238 |  17.3 |      86 |       9 |   9.5
            +---------+---------+-------+---------+---------+-------
        D:1 |      30 |       0 |   0.0 |      15 |       0 |   0.0
        D:2 |      85 |       2 |   2.3 |      22 |       1 |   4.3
        D:3 |      67 |      47 |  41.2 |      21 |       6 |  22.2
        D:4 |     298 |     189 |  38.8 |      12 |       2 |  14.3
        D:5 |     504 |       0 |   0.0 |      15 |       0 |   0.0
        D:6 |     152 |       0 |   0.0 |       1 |       0 |   0.0
            +---------+---------+-------+---------+---------+-------

Illustrated notes

Table legend:
 A = Kills in this place as a percentage of kills in entire the game.
 B = Kills by you in this place as a percentage of kills by you in the entire game.
 C = Kills by friends in this place as a percentage of kills by friends in the entire game.
 D = Other kills in this place as a percentage of other kills in the entire game.
 E = Experience gained in this place as a percentage of experience gained in the entire game.
 F = Experience gained in this place divided by the number of levels of this place that you have seen.
                   A       B       C       D       E      F
               +-------+-------+-------+-------+-------+----------------------
         Total | 100.0 | 100.0 |   N/A |   N/A | 100.0 | 229.0
       Dungeon | 100.0 | 100.0 |   N/A |   N/A | 100.0 | 229.0
               +-------+-------+-------+-------+-------+----------------------

Table legend: (Time is in decaauts)
 A = Elapsed time spent in this place.
 B = Non-inter-level travel time spent in this place.
 C = Inter-level travel time spent in this place.
 D = Time resting spent in this place.
 E = Time spent auto-exploring this place.
 F = Levels seen in this place.
 G = Mean time per level.
                   A        B        C        D        E       F      G
               +--------+--------+--------+--------+--------+-----+--------+
         Total |   6472 |   6294 |    178 |    271 |   5274 |   6 | 1078.7 |
       Dungeon |   6472 |   6294 |    178 |    271 |   5274 |   6 | 1078.7 |
               +--------+--------+--------+--------+--------+-----+--------+

Top non-repeatable levels by time:
     D:4: 1673 daAuts
     D:5: 1360 daAuts
     D:3: 1316 daAuts
     D:1: 1058 daAuts
     D:2: 1035 daAuts
     D:6: 28 daAuts
